 Dungeon Crawl Stone Soup version 0.21.1-1-g345015f (webtiles) character file.

46146 nightchill the Martial Artist (level 14, -19/129 HPs)
             Began as a Gnoll Transmuter on Apr 6, 2018.
             Was the Champion of Cheibriados.
             Demolished by a two-headed ogre
             ... wielding a +0 giant spiked club
              (21 damage)
             ... on level 2 of the Orcish Mines on Apr 7, 2018.
             The game lasted 01:47:33 (18134 turns).

nightchill the Martial Artist (Gnoll Transmuter)   Turns: 18134, Time: 01:47:34

Health: -19/129    AC:  9    Str: 31    XL:     14   Next: 36%
Magic:  5/37       EV: 21    Int: 35    God:    Cheibriados [******]
Gold:   1984       SH:  0    Dex: 33    Spells: 2/33 levels left

rFire    x . .     SeeInvis .     - Unarmed
rCold    + + +     Gourm    .   (shield currently unavailable)
rNeg     . . .     Faith    .   (armour currently unavailable)
rPois    +         Spirit   .   (helmet currently unavailable)
rElec    .         Reflect  .   (cloak currently unavailable)
rCorr    .         Harm     .   (gloves currently unavailable)
MR       +....                  (boots currently unavailable)
Stlth    +++++.....             m - amulet of regeneration
HPRegen  0.71/turn              M - +5 ring of intelligence
MPRegen  0.25/turn              Y - ring of magical power

@: ice-form, slowed, studying Short Blades, deflect missiles, very slow
A: large, distributed training, strong nose
a: End Transformation, Bend Time, Temporal Distortion, Slouch, Step From Time,
Renounce Religion


You were on level 2 of the Orcish Mines.
You worshipped Cheibriados.
Cheibriados was exalted by your worship.
You were very hungry.
You were a creature of crystalline ice.
You visited 5 branches of the dungeon, and saw 21 of its levels.
You also visited: Labyrinth and Ice Cave.

You collected 1984 gold pieces.

Inventory:

Hand Weapons
 b - a +2 hunting sling of velocity
 R - the +7 bardiche of Blood (melded) {distort, Int+4}
   (You found it on level 8 of the Dungeon)

   It warps and distorts space around it.
   Unwielding it can cause banishment or high damage.
   It affects your intelligence (+4).
 Z - the +4 spear of Eteitih {pierce, Dex+3, unknown}
   (You found it in a labyrinth)

   It inflicts extra damage upon your enemies.
   It affects your dexterity (+3).
Missiles
 i - 463 stones (quivered)
 o - 164 arrows
 D - 4 tomahawks of returning
Armour
 a - the +2 pair of boots of the Storm King {*Slow Dex+3 SInv}
   (You found it on level 8 of the Dungeon)

   It affects your dexterity (+3).
   It lets you see invisible.
   It may slow you when you take damage.
 e - +0 swamp dragon scales
 j - a scarf of resistance (melded)
 v - a +2 robe of magic resistance (melded)
 x - a cursed +0 plate armour
 B - a +0 helmet (melded)
 G - a +2 pair of boots (melded)
Magical Staves
 l - an uncursed staff of energy
 O - an uncursed staff of fire
Jewellery
 m - an amulet of regeneration (around neck)
 M - a +5 ring of intelligence (left front paw)
 Y - a ring of magical power (right front paw)
Wands
 p - a wand of clouds (15)
 y - a wand of acid (2)
 F - a wand of disintegration (17)
Scrolls
 c - 2 scrolls of magic mapping
 h - a scroll of summoning
 k - 2 scrolls of teleportation
 s - a scroll of fog
 w - a scroll of enchant weapon
 A - 7 scrolls of remove curse
 K - a scroll of immolation
 L - 4 scrolls of fear
Potions
 f - 3 potions of curing
 g - 2 potions of cancellation
 n - a potion of magic
 r - a potion of invisibility
 t - 2 potions of brilliance
 z - a potion of might
 H - 2 potions of ambrosia
 N - a potion of resistance
 Q - a potion of lignification
 U - 3 potions of agility
 V - 4 potions of flight
Books
 C - a book of Necromancy

   Spells                             Type                      Level
   a - Pain                           Necromancy                   1
   b - Animate Skeleton               Necromancy                   1
   c - Vampiric Draining              Necromancy                   3
   d - Regeneration                   Charms/Necromancy            3
   e - Animate Dead                   Necromancy                   4
   f - Borgnjor's Vile Clutch         Necromancy/Earth             5
 E - a manual of Short Blades
 J - a book of Ice

   Spells                             Type                      Level
   a - Ice Form                       Ice/Transmutation            4
   b - Metabolic Englaciation         Hexes/Ice                    5
   c - Ozocubu's Refrigeration        Ice                          6
   d - Bolt of Cold                   Conjuration/Ice              6
   e - Freezing Cloud                 Conjuration/Ice/Air          6
   f - Simulacrum                     Ice/Necromancy               6
Miscellaneous
 q - 2 sacks of spiders
 X - 2 boxes of beasts
Comestibles
 d - 29 rations
 u - a chunk of flesh


   Skills:
 + Level 9.4 Fighting
 + Level 9.1 Short Blades
 + Level 9.0 Long Blades
 + Level 9.0 Axes
 + Level 9.0 Maces & Flails
 + Level 9.0 Polearms
 + Level 9.0 Staves
 + Level 9.0 Slings
 + Level 9.0 Bows
 + Level 9.0 Crossbows
 + Level 9.0 Throwing
 + Level 9.0 Armour
 + Level 10.1 Dodging
 + Level 9.0 Stealth
 + Level 9.0 Shields
 + Level 11.0 Unarmed Combat
 + Level 10.2 Spellcasting
 + Level 7.5 Conjurations
 + Level 7.5 Hexes
 + Level 7.5 Charms
 + Level 7.5 Summonings
 + Level 7.5 Necromancy
 + Level 7.5 Translocations
 + Level 8.5 Transmutations
 + Level 7.5 Fire Magic
 + Level 7.5 Ice Magic
 + Level 7.5 Air Magic
 + Level 7.5 Earth Magic
 + Level 7.5 Poison Magic
 + Level 9.8 Invocations
 + Level 9.0 Evocations


You had 2 spell levels left.
You knew the following spells:

 Your Spells              Type           Power        Failure   Level  Hunger
a - Blade Hands           Tmut           ######....   1%          5    ##.....
b - Sticks to Snakes      Tmut           ######..     1%          2    None
c - Ice Form              Ice/Tmut       ######..     1%          4    None
d - Silence               Hex/Air        ######....   3%          5    ##.....
e - Deflect Missiles      Chrm/Air       ######....   17%         6    ####...
f - Borgnjor's Vile Clut  Necr/Erth      ######....   3%          5    ##.....
g - Animate Dead          Necr           N/A          1%          4    None


Dungeon Overview and Level Annotations

Branches:
Dungeon (11/15)            Temple (1/1) D:7            Lair (5/6) D:8
  Swamp (2/4) Lair:4        Snake (0/4) Lair:2        Slime (0/5) Lair:5
    Orc (2/2) D:11            Elf (0/3) Orc:2

Altars:
Ashenzari
Cheibriados
Dithmenos
Elyvilon
Fedhas
Gozag
Hepliaklqana
Kikubaaqudgha
Makhleb
Nemelex Xobeh
Okawaru
Qazlal
Ru
Sif Muna
Trog
Uskayaw
Vehumet
Wu Jian
Xom
Yredelemnul
Zin
The Shining One

Shops:
D:7 [

Annotations:
D:5 exclusion: upstairs
Lair:1 exclusions: 2 oklob plants and 1 more exclusion
Swamp:1 !take your time, 1 exclusion
Orc:2 Snorg


Innate Abilities, Weirdness & Mutations

Your experience applies equally to all skills.
((You have very sharp teeth.))
Your uncanny sense of smell can sniff out nearby items.


Message History

Confirm with . or Enter, or press ? or * to list all spells.
Okay, then.
The two-headed ogre shouts in stereo!
You hear a shout!
The ogre shouts!
The ogre mage casts a spell at you.
You feel yourself slow down. The two-headed ogre closely misses you.
The two-headed ogre misses you.
Casting: Ice Form
Confirm with . or Enter, or press ? or * to list all spells.
You don't have enough magic to cast that spell.
The ogre barely misses you.
The orc priest calls down the wrath of Beogh upon you.
Beogh smites you!
* * * LOW HITPOINT WARNING * * *
The two-headed ogre barely misses you.
The two-headed ogre completely misses you.
The ogre mage gestures wildly while chanting.
The ogre mage flickers and vanishes!
Deactivating autopickup; reactivate with Ctrl-A.
The two-headed ogre hits you with a giant spiked club!!
You die...

####.(...#
##..#.ยง...##..
#.........#..
##..(....o...
##.#(#......O.O
#....(#....#..O
##.....##...##..
##.....)###O.####
#...#...##Y...######
##.....O.O#{.....O..
##.....oO..........
#............#.#..
#........O..#.....
#...........>.....
#...............#
##.#.##.<........#
######.##....#.##


You could see 3 two-headed ogres, an orc sorcerer (wandering), 3 ogres and an
orc priest.

Vanquished Creatures
  A stone giant (Orc:2)
  An ettin (Orc:1)
  3 hydras
  Fannar (Lair:2)
  3 two-headed ogres
  2 alligators (Swamp:1)
  Erica (Lair:2)
  Sonja (Lair:2)
  The ghost of Totori the Fighter, a novice GnWn (D:6)
  A swamp dragon (Swamp:2)
  Pikel (D:7)
  The ghost of Verendum the Spear-Bearer, a novice DDFi of Ashenzari (D:7)
  2 ugly things (IceCv)
  6 elephants (Lair:3)
  2 black mambas
  3 ice statues (IceCv)
  5 spiny frogs
  2 komodo dragons
  2 rime drakes
  The ghost of Tiareth the Magician, a novice DEWz (D:5)
  2 trolls
  5 tyrant leeches
  3 polar bears
  2 hornets (Lair:5)
  6 bog bodies (Swamp:1)
  7 hippogriffs
  13 slime creatures
  11 blink frogs
  The ghost of Verendum the Covered, an amateur GrFi (D:4)
  A wraith (D:8)
  2 shadows (Lab)
  2 wyverns
  14 yaks
  5 basilisks
  A spriggan (Lair:2)
  2 hungry ghosts (D:8)
  Menkaure (D:7)
  4 insubstantial wisps (Swamp:2)
  2 wargs (Orc:1)
  4 swamp worms
  12 water moccasins
  3 porcupines
  15 orc warriors
  17 ice beasts
  A black bear (Lair:2)
  5 ogres
  4 sky beasts (D:9)
  5 swamp drakes
  2 phantoms
  13 wolves
  2 centaurs
  6 crocodiles
  5 big kobolds
  22 bullfrogs
  3 scorpions
  3 wights (D:11)
  16 killer bees
  2 howler monkeys (D:9)
  An electric eel (Lair:1)
  2 bullfrog zombies
  6 jellies
  11 orc priests
  2 bullfrog skeletons
  3 hounds
  8 iguanas
  2 worker ants
  15 orc wizards
  Natasha (thrice) (D:2)
  A killer bee zombie (D:9)
  A hound zombie (D:6)
  A hound skeleton (D:10)
  A howler monkey zombie (D:9)
  A gnoll (Orc:1)
  2 worker ant zombies
  17 adders
  A shadow imp (D:9)
  An ooze (Lair:5)
  4 adder skeletons
  4 worms
  5 leopard geckos
  48 orcs
  A ball python (D:3)
  2 bats (D:1)
  5 giant cockroaches
  6 hobgoblins
  5 quokkas
  4 frilled lizards
  11 goblins
  A jackal zombie (D:8)
  43 kobolds
  6 rats
  A fungus (Lair:1)
  A plant (D:7)
490 creatures vanquished.

Vanquished Creatures (collateral kills)
  An orc knight (Orc:1)
  Maurice (Orc:1)
  Sigmund (D:2)
  A crimson imp (D:11)
  2 orc wizards
  2 adders (D:2)
  4 orcs (Orc:1)
  A bat (D:2)
  A hobgoblin (D:2)
  A rat (D:2)
15 creatures vanquished.

Vanquished Creatures (others)
  An ugly thing (D:11)
  An elephant (Lair:3)
  A tyrant leech (Lair:4)
  A wyvern (Lair:5)
  A basilisk (Lab)
  A slave (D:7)
  An ogre (D:11)
  2 wolves
  3 gnolls (D:7)
  A shadow imp (D:7)
  A quokka (D:7)
  5 fungi
  3 plants
22 creatures vanquished.

Grand Total: 527 creatures vanquished

Notes
Turn   | Place    | Note
-------+----------+-------------------------------------------
     0 | D:1      | nightchill the Gnoll Transmuter began the quest for the Orb.
     0 | D:1      | Reached XP level 1. HP: 17/17 MP: 6/6
   106 | D:1      | Reached XP level 2. HP: 21/23 MP: 7/7
   111 | D:1      | Learned a level 2 spell: Sticks to Snakes
   207 | D:1      | Found an iron altar of Okawaru.
   651 | D:2      | Noticed Natasha
   672 | D:2      | Killed Natasha
   672 | D:2      | Reached skill level 5 in Spellcasting
   672 | D:2      | Reached skill level 1 in Invocations
   672 | D:2      | Reached XP level 3. HP: 22/28 MP: 0/9
   774 | D:2      | Noticed Sigmund
   788 | D:2      | Killed Sigmund
   788 | D:2      | Reached skill level 1 in Short Blades
   788 | D:2      | Reached skill level 1 in Long Blades
   788 | D:2      | Reached skill level 1 in Axes
   788 | D:2      | Reached skill level 1 in Maces & Flails
   788 | D:2      | Reached skill level 1 in Polearms
   788 | D:2      | Reached skill level 1 in Staves
   788 | D:2      | Reached skill level 1 in Slings
   788 | D:2      | Reached skill level 1 in Bows
   788 | D:2      | Reached skill level 1 in Crossbows
   788 | D:2      | Reached skill level 1 in Throwing
   788 | D:2      | Reached skill level 1 in Armour
   788 | D:2      | Reached skill level 1 in Stealth
   788 | D:2      | Reached skill level 1 in Shields
   788 | D:2      | Reached skill level 1 in Conjurations
   788 | D:2      | Reached skill level 1 in Hexes
   788 | D:2      | Reached skill level 1 in Charms
   788 | D:2      | Reached skill level 1 in Summonings
   788 | D:2      | Reached skill level 1 in Necromancy
   788 | D:2      | Reached skill level 1 in Translocations
   788 | D:2      | Reached skill level 1 in Fire Magic
   788 | D:2      | Reached skill level 1 in Ice Magic
   788 | D:2      | Reached skill level 1 in Air Magic
   788 | D:2      | Reached skill level 1 in Earth Magic
   788 | D:2      | Reached skill level 1 in Poison Magic
   788 | D:2      | Reached skill level 1 in Evocations
   788 | D:2      | Reached XP level 4. HP: 27/34 MP: 2/11
   788 | D:2      | Reached XP level 5. HP: 32/40 MP: 2/12
   993 | D:2      | Reached XP level 6. HP: 12/47 MP: 9/13
  1462 | D:2      | Noticed Natasha
  1467 | D:2      | Killed Natasha
  1536 | D:2      | Noticed Natasha
  1552 | D:2      | Killed Natasha
  1552 | D:2      | Reached skill level 5 in Dodging
  1815 | D:3      | Learned a level 4 spell: Ice Form
  1915 | D:4      | Found a stormy altar of Qazlal.
  1915 | D:4      | Found a blossoming altar of Fedhas.
  2077 | D:4      | Reached XP level 7. HP: 52/52 MP: 15/15
  2238 | D:4      | Noticed Verendum's ghost (amateur GrFi)
  2262 | D:5      | Entered Level 5 of the Dungeon
  2386 | D:5      | Noticed Tiareth's ghost (novice DEWz)
  2397 | D:5      | Killed Tiareth's ghost
  2397 | D:5      | Reached skill level 7 in Unarmed Combat
  2682 | D:4      | Killed Verendum's ghost
  2682 | D:4      | Reached XP level 8. HP: 21/60 MP: 16/16
  3509 | D:6      | Noticed Totori's ghost (novice GnWn)
  3521 | D:6      | Killed Totori's ghost
  3521 | D:6      | Reached skill level 5 in Transmutations
  3521 | D:6      | Reached XP level 9. HP: 66/66 MP: 18/18
  4096 | D:7      | Noticed Pikel
  4096 | D:7      | Noticed Verendum's ghost (novice DDFi)
  4108 | D:7      | Killed Pikel
  4108 | D:7      | Reached skill level 5 in Fighting
  4113 | D:7      | Noticed Menkaure
  4124 | D:7      | Reached skill level 8 in Unarmed Combat
  4132 | D:7      | Killed Verendum's ghost
  4132 | D:7      | Reached skill level 5 in Invocations
  4134 | D:7      | Killed Menkaure
  4134 | D:7      | Reached XP level 10. HP: 29/74 MP: 20/20
  4294 | D:7      | Found a staircase to the Ecumenical Temple.
  4316 | Temple   | Entered the Ecumenical Temple
  4538 | Temple   | Became a worshipper of Cheibriados the Contemplative
  4959 | D:7      | Learned a level 5 spell: Blade Hands
  4969 | D:7      | Found Losohuebb's Antique Armour Boutique.
  5035 | D:7      | Reached * piety under Cheibriados
  5573 | D:8      | Reached ** piety under Cheibriados
  5573 | D:8      | Reached skill level 5 in Short Blades
  5573 | D:8      | Reached skill level 5 in Long Blades
  5573 | D:8      | Reached skill level 5 in Axes
  5573 | D:8      | Reached skill level 5 in Maces & Flails
  5573 | D:8      | Reached skill level 5 in Polearms
  5573 | D:8      | Reached skill level 5 in Staves
  5573 | D:8      | Reached skill level 5 in Slings
  5573 | D:8      | Reached skill level 5 in Bows
  5573 | D:8      | Reached skill level 5 in Crossbows
  5573 | D:8      | Reached skill level 5 in Throwing
  5573 | D:8      | Reached skill level 5 in Armour
  5573 | D:8      | Reached skill level 5 in Stealth
  5573 | D:8      | Reached skill level 5 in Shields
  5573 | D:8      | Reached skill level 5 in Evocations
  5635 | D:8      | Got an ancient bardiche
  5660 | D:8      | Identified the +7 bardiche of Blood {distort, Int+4} (You found it on level 8 of the Dungeon)
  6084 | D:8      | Found a staircase to the Lair.
  6305 | D:8      | Noticed a five-headed hydra
  6306 | D:8      | Noticed a two-headed ogre
  6311 | D:8      | Killed a five-headed hydra
  6314 | D:8      | Killed a two-headed ogre
  6320 | D:8      | Reached XP level 11. HP: 42/82 MP: 18/22
  6332 | D:8      | Reached *** piety under Cheibriados
  6552 | D:8      | Got a pair of pitted boots
  6554 | D:8      | Got a glittering turquoise ring
  6567 | D:8      | Identified the +2 pair of boots of the Storm King {*Slow Dex+3 SInv} (You found it on level 8 of the Dungeon)
  6699 | D:8      | Identified the ring "Wawoec" {rPois rF+++ MP-9 Str+5 Stlth+} (You found it on level 8 of the Dungeon)
  7014 | D:9      | Reached skill level 9 in Unarmed Combat
  7148 | D:9      | Reached skill level 5 in Conjurations
  7148 | D:9      | Reached skill level 5 in Hexes
  7148 | D:9      | Reached skill level 5 in Charms
  7148 | D:9      | Reached skill level 5 in Summonings
  7148 | D:9      | Reached skill level 5 in Necromancy
  7148 | D:9      | Reached skill level 5 in Translocations
  7148 | D:9      | Reached skill level 5 in Fire Magic
  7148 | D:9      | Reached skill level 5 in Ice Magic
  7148 | D:9      | Reached skill level 5 in Air Magic
  7148 | D:9      | Reached skill level 5 in Earth Magic
  7148 | D:9      | Reached skill level 5 in Poison Magic
  7284 | D:9      | Reached **** piety under Cheibriados
  7458 | D:9      | Found a hide-covered altar of Uskayaw.
  7458 | D:9      | Found an opulent altar of Gozag.
  7707 | Lair:1   | Entered Level 1 of the Lair of Beasts
  8032 | Lair:1   | Noticed an oklob plant
  8032 | Lair:1   | Noticed an oklob plant
  8267 | Lair:1   | Found a bloodstained altar of Trog.
  8918 | Lair:2   | Found a staircase to the Snake Pit.
  9024 | Lair:2   | Noticed Fannar
  9041 | Lair:2   | Killed Fannar
  9120 | Lair:2   | Noticed Sonja
  9125 | Lair:2   | Killed Sonja
  9125 | Lair:2   | Reached XP level 12. HP: 91/91 MP: 24/24
  9134 | Lair:2   | Noticed Erica
  9140 | Lair:2   | Killed Erica
  9680 | Lair:3   | Reached ***** piety under Cheibriados
  9872 | Lair:3   | Found a labyrinth entrance.
  9893 | Lab      | Entered a labyrinth
 10429 | Lab      | Noticed a minotaur
 10437 | Lab      | Got an ichor-stained spear
 10884 | Lair:3   | Noticed a six-headed hydra
 10894 | Lair:3   | Killed a six-headed hydra
 11523 | Lair:4   | Reached skill level 10 in Unarmed Combat
 11752 | Lair:4   | Found a staircase to the Swamp.
 12290 | Lair:5   | Reached XP level 13. HP: 98/98 MP: 26/26
 12411 | Lair:5   | Found a staircase to the Slime Pits.
 12703 | Lair:5   | Paralysed by a hornet for 3 turns
 12718 | Lair:5   | Reached ****** piety under Cheibriados
 13442 | Lair:1   | Identified a scroll of acquirement
 13442 | Lair:1   | Identified the Incunabulum of Air and the Entourage (You acquired it on level 1 of the Lair of Beasts)
 13463 | Lair:1   | Learned a level 5 spell: Silence
 13470 | Lair:1   | Learned a level 6 spell: Deflect Missiles
 13566 | D:10     | Entered Level 10 of the Dungeon
 14125 | D:10     | Found a shimmering altar of Xom.
 14564 | Swamp:1  | Entered Level 1 of the Swamp
 16485 | D:11     | Found a staircase to the Orcish Mines.
 16526 | D:11     | Reached skill level 10 in Spellcasting
 16614 | D:11     | Reached XP level 14. HP: 45/108 MP: 28/28
 16725 | D:11     | Found a sparkling altar of Nemelex Xobeh.
 16748 | D:11     | Learned a level 5 spell: Borgnjor's Vile Clutch
 16753 | D:11     | Learned a level 4 spell: Animate Dead
 17145 | Orc:1    | Entered Level 1 of the Orcish Mines
 17705 | Orc:2    | Entered Level 2 of the Orcish Mines
 17705 | Orc:2    | Noticed Snorg
 17768 | Orc:2    | Found a staircase to the Elven Halls.
 17768 | Orc:2    | Found a frozen archway.
 17768 | Orc:2    | Noticed Maurice
 17775 | Orc:1    | Killed Maurice
 17779 | Orc:1    | Reached skill level 10 in Dodging
 17818 | IceCv    | Entered an ice cave
 18003 | IceCv    | Reached skill level 11 in Unarmed Combat
 18078 | Orc:2    | Noticed a stone giant
 18095 | Orc:2    | Killed a stone giant
 18124 | Orc:2    | HP: 6/129 [two-headed ogre/giant club (21)]
 18134 | Orc:2    | HP: 2/129 [orc priest/divine providence (13)]
 18134 | Orc:2    | Demolished by a two-headed ogre

Skill      XL: |  1  2  3  4  5  6  7  8  9 10 11 12 13 14 |
---------------+-------------------------------------------+-----
Spellcasting   | 5 6 7 8 9 10 | 10.2
Invocations    | 1 2 3 4 5 6 7 8 9 |  9.8
Short Blades   | 1 2 3 4 5 6 7 8 9 |  9.1
Long Blades    | 1 2 3 4 5 6 7 8 9 |  9.0
Axes           | 1 2 3 4 5 6 7 8 9 |  9.0
Maces & Flails | 1 2 3 4 5 6 7 8 9 |  9.0
Polearms       | 1 2 3 4 5 6 7 8 9 |  9.0
Staves         | 1 2 3 4 5 6 7 8 9 |  9.0
Slings         | 1 2 3 4 5 6 7 8 9 |  9.0
Bows           | 1 2 3 4 5 6 7 8 9 |  9.0
Crossbows      | 1 2 3 4 5 6 7 8 9 |  9.0
Throwing       | 1 2 3 4 5 6 7 8 9 |  9.0
Armour         | 1 2 3 4 5 6 7 8 9 |  9.0
Stealth        | 1 2 3 4 5 6 7 8 9 |  9.0
Shields        | 1 2 3 4 5 6 7 8 9 |  9.0
Conjurations   | 1 2 3 4 5 6 7 |  7.5
Hexes          | 1 2 3 4 5 6 7 |  7.5
Charms         | 1 2 3 4 5 6 7 |  7.5
Summonings     | 1 2 3 4 5 6 7 |  7.5
Necromancy     | 1 2 3 4 5 6 7 |  7.5
Translocations | 1 2 3 4 5 6 7 |  7.5
Fire Magic     | 1 2 3 4 5 6 7 |  7.5
Ice Magic      | 1 2 3 4 5 6 7 |  7.5
Air Magic      | 1 2 3 4 5 6 7 |  7.5
Earth Magic    | 1 2 3 4 5 6 7 |  7.5
Poison Magic   | 1 2 3 4 5 6 7 |  7.5
Evocations     | 1 2 3 4 5 6 7 8 9 |  9.0
Fighting       | 3 4 5 6 7 8 9 |  9.4
Transmutations | 4 5 6 7 8 |  8.5
Dodging        | 5 6 7 8 9 10 | 10.1
Unarmed Combat | 7 8 9 10 11 | 11.0

Action                   |  1- 3 |  4- 6 |  7- 9 | 10-12 | 13-15 || total
-------------------------+-------+-------+-------+-------+-------++-------
Melee: Unarmed           |    48 |       |    81 |   282 |   298 ||   709
       Punch             |     2 |     2 |     3 |     1 |     7 ||    15
       Bite              |     5 |    13 |     7 |    32 |    29 ||    86
       Whip              |    10 |     2 |       |       |       ||    12
       Dagger            |       |   133 |    72 |    31 |       ||   236
       Bardiche          |       |       |       |   215 |   169 ||   384
       Short sword       |       |       |       |     4 |       ||     4
 Fire: Hunting sling     |       |     3 |       |       |       ||     3
Throw: Stone             |       |     3 |       |       |     5 ||     8
 Cast: Sticks to Snakes  |     7 |     5 |       |       |     1 ||    13
       Ice Form          |       |       |     7 |    24 |    30 ||    61
       Blade Hands       |       |       |       |     2 |    10 ||    12
       Deflect Missiles  |       |       |       |       |     1 ||     1
       Silence           |       |       |       |       |     1 ||     1
       Animate Dead      |       |       |       |       |    10 ||    10
       Borgnjor's Vile C |       |       |       |       |    10 ||    10
Invok: Slouch            |       |       |       |     1 |       ||     1
       Temporal Distorti |       |       |       |       |     2 ||     2
       Bend Time         |       |       |       |       |     1 ||     1
       Step From Time    |       |       |       |       |     2 ||     2
 Abil: End Transformatio |       |       |       |     1 |    10 ||    11
Evoke: Wand              |       |       |       |       |     2 ||     2
  Use: Scroll            |       |    13 |     6 |     9 |    14 ||    42
       Potion            |       |       |     1 |     2 |     1 ||     4
 Stab: Sleeping          |     2 |     5 |     3 |    24 |    24 ||    58
       Distracted        |       |     1 |       |     4 |     6 ||    11
  Eat: Chunk             |       |     4 |     4 |    12 |     9 ||    29
       Ration            |       |       |     1 |     2 |     1 ||     4
Armor: Robe              |     8 |    23 |    12 |    36 |    26 ||   105
       Leather armour    |     1 |     1 |       |       |       ||     2
       Skin              |       |       |     9 |    65 |    63 ||   137
Dodge: Dodged            |    45 |    78 |    85 |   493 |   602 ||  1303
       Deflected         |       |       |       |       |     7 ||     7
